 Dungeon Crawl Stone Soup version 0.31-a0-662-g684573625c (webtiles) character file.

Game seed: 2378414031022575192

80699 whitenoisemaker the Spry (level 15, -1/139 HPs)
             Began as a White Draconian Berserker on Aug 31, 2023.
             Was a High Priest of Trog.
             Slain by a titanic slime creature (102 damage)
             ... on level 14 of the Dungeon.
             The game lasted 00:53:52 (30617 turns).

whitenoisemaker the Spry (DrBe)                    Turns: 30617, Time: 00:53:52

Health: -1/139     AC: 12    Str: 24    XL:     15   Next: 24%
Magic:  15/15      EV: 26    Int: 18    God:    Trog [*****.]
Gold:   642        SH:  0    Dex: 19    Spells: 14/14 levels left

rFire   . . .        K - +11 quarterstaff of Shame {venom, Int+2}
rCold   + . .        (shield currently unavailable)
rNeg    . . .        (body armour unavailable)
rPois   .            (helmet restricted)
rElec   .            D - scarf {shadows}
rCorr   +            C - +0 pair of gloves
SInv    .            L - +1 pair of boots
Will    +....        A - amulet of regeneration
Stlth   ++           G - ring "Vefed" {+Blink Fly rCorr Int+8}
HPRegen 1.23/turn    s - +6 ring of dexterity
MPRegen 0.14/turn

%: no passive effects
@: on berserk cooldown, flying, slowed, studying Dodging, very slow
A: breathe frost, AC +9, unfitting armour, cold resistance 1, cold-blooded
a: Breathe Frost, Renounce Religion, Evoke Blink, Berserk, Trog's Hand, Brothers
in Arms


You were on level 14 of the Dungeon.
You worshipped Trog.
Trog was extremely pleased with you.
You visited 3 branches of the dungeon, and saw 21 of its levels.
You also visited: Ossuary and Bailey.

You collected 3217 gold pieces.
You spent 2575 gold pieces at shops.

Inventory:

Hand Weapons
 i - a +2 heavy morningstar
 K - the +11 quarterstaff of Shame (weapon) {venom, Int+2}
   (You bought it in a shop on level 2 of the Orcish Mines)

   Int+2:     It affects your intelligence (+2).
Armour
 C - a +0 pair of gloves (worn)
 D - a scarf of shadows (worn)
 L - a +1 pair of boots (worn)
Jewellery
 k - an amulet of guardian spirit
 p - a ring of protection from fire
 s - a +6 ring of dexterity (right hand)
 u - a ring of ice
 w - a ring of positive energy
 z - a +4 ring of protection
 A - an amulet of regeneration (around neck)
 B - an amulet of reflection
 E - a ring of magical power
 G - the ring "Vefed" (left hand) {+Blink Fly rCorr Int+8}
   (You bought it in a shop on level 8 of the Dungeon)

   [ring of flight]

   Int+8:     It affects your intelligence (+8).
   Fly:       It grants you flight.
   +Blink:    It lets you blink.
   rCorr:     It protects you from acid and corrosion.
Talismans
 H - a blade talisman
Wands
 t - a wand of flame (11)
 x - a wand of digging (1)
 M - a wand of paralysis (8)
Scrolls
 c - 5 scrolls of fog
 e - a scroll of silence
 f - 2 scrolls of revelation
 n - 8 scrolls of teleportation
 o - 2 scrolls of blinking
 q - 3 scrolls of vulnerability
 r - 4 scrolls of poison
 y - 4 scrolls of immolation
 F - a scroll of torment
 I - 3 scrolls of fear
 J - 2 scrolls of identify
Potions
 a - 2 potions of haste
 b - 4 potions of lignification
 d - 2 potions of resistance
 g - 5 potions of cancellation
 h - 5 potions of mutation
 j - a potion of magic
 l - 2 potions of heal wounds
 m - 5 potions of curing
 v - 2 potions of enlightenment
 N - a potion of attraction


   Skills:
 - Level 14.4 Fighting
 - Level 16.0(16.3) Maces & Flails
 * Level 5.2(11.6) Staves
 - Level 19.3 Dodging
 + Level 2.4 Evocations


You had 14 spell levels left.
You didn't know any spells.
Your spell library was empty.

Dungeon Overview and Level Annotations

Branches:
Dungeon (14/15)            Temple (0/1) D:4            Lair (5/5) D:10
  Swamp (0/4) Lair:2       Spider (0/4) Lair:2        Slime (0/5) Lair:5
    Orc (2/2) D:12            Elf (0/3) Orc:2        Vaults (0/5) D:14
Ossuary (visited)          Bailey (visited)

Altars:
Ashenzari
Dithmenos
Fedhas
Hepliaklqana
Nemelex Xobeh
Sif Muna
Trog
Vehumet
Wu Jian
Xom
Zin
The Shining One
Jiyva

Shops:
D:5 *   D:8 *   D:11 :   D:12 *   Orc:2 ?*(?[

Annotations:
D:3 2 transporters
D:10 3 runed translucent doors, t4s4d4r's ghost, novice OpSh
Lair:1 2 transporters, DocSulfur's ghost, journeyman VSBe
Lair:3 1 runed translucent door, NigelTetley's ghost, journeyman DgGl
Lair:4 2 transporters, Okey's ghost, journeyman DDFi


Innate Abilities, Weirdness & Mutations

You can breathe waves of freezing cold which knock back foes.
Your icy white scales are hard. (AC +9)
You cannot fit into any form of body armour.
Your flesh is cold resistant. (rC+)
You are cold-blooded and may be slowed by cold attacks.


Message History

The very large slime creature closely misses you.
Two slime creatures merge to form a titanic slime creature.
Things that are here:
a +0 great mace; a +0 plate armour You bludgeon the titanic slime creature!!
The titanic slime creature is moderately wounded.
You feel a strong urge to attack something.
You are too berserk!
Unknown command.
You feel your anger nearly subside.
You are no longer berserk.
You are exhausted.
You feel yourself slow down.
The large slime creature quivers.
Aiming: Paralyse
Press: ? - help, Shift-Dir - straight line, f - large slime creature
Aim: a large slime creature (moderately wounded, chance to affect: 37%)
The large slime creature resists with some effort.
Aiming: Paralyse
Press: ? - help, Shift-Dir - straight line, f/p - large slime creature
Aim: a large slime creature (moderately wounded, chance to affect: 37%)
The large slime creature resists with some effort.
You sock the large slime creature!
The large slime creature is poisoned.
The large slime creature is moderately wounded.
The large slime creature completely misses you.
Two slime creatures merge to form a titanic slime creature.
You thump the titanic slime creature!
The titanic slime creature is moderately wounded.
The titanic slime creature barely misses you.
A titanic slime creature splits.
The large slime creature attacks as it pursues you!
The large slime creature hits you!!
Two slime creatures merge to form a titanic slime creature.
There is a stone staircase leading up here.
The titanic slime creature attacks as it pursues you!
The titanic slime creature misses you.
The titanic slime creature looks more healthy.
The titanic slime creature attacks as it pursues you!
The titanic slime creature hits you!!!!
Ouch! That really hurt!
You die...

.#.#.###.#..#####.#.......#
#..........#.......(#####.#
.##.#######.#####...# #.#
..#.# ### #.....# #.# ..#.#
#.##(.# #.# ..#.##
#.##..#####.#
...#.##########.##........#
.........<......#..<##.##.#
.............##.@J.....##.#
.....#######.##.....#####.#
...### #.##..#.## #.# ..##
#.......######.# .>#
####.....)J....# ###
#..########## # #..# # #..#
# #.J#


You could see a titanic slime creature.

Vanquished Creatures
  Rupert (D:14)
  2 orc warlords (Orc:1)
  Josephine (D:10)
  A catoblepas (Lair:5)
  5 hydras
  Fannar (Orc:1)
  A vault guard (D:14)
  2 centaur warriors
  A death knight (D:12)
  3 boulder beetles
  2 two-headed ogres
  An orc high priest (Orc:2)
  An iron troll (D:14)
  A skyshark (Lair:5)
  3 skeletal warriors (D:14)
  A swamp dragon (Lair:2)
  Pikel (D:8)
  3 orc knights
  2 deep elf pyromancers
  9 ugly things
  An oklob plant (Orc:2)
  7 orc sorcerers
  4 cyclopes
  2 manticores
  8 elephants
  4 black mambas
  15 cane toads
  A gargoyle (D:12)
  4 kobold demonologists
  A rime drake (Lair:1)
  10 komodo dragons
  2 freezing wraiths (D:12)
  11 polar bears
  A meliai (Lair:2)
  2 trolls
  A raiju (Lair:5)
  A hornet (D:11)
  A tarantella (shapeshifter) (D:14)
  A dream sheep (Lair:5)
  23 blink frogs
  Sigmund (D:3)
  6 slime creatures
  3 shadows
  7 wraiths
  5 wyverns
  2 hogs (D:11)
  64 yaks
  3 fire bats (D:14)
  4 humans
  4 basilisks
  A fire elemental (D:14)
  5 vampire mosquitoes
  9 wargs
  Menkaure (D:6)
  19 water moccasins
  3 acid dragons
  15 hell hounds
  14 black bears
  24 orc warriors
  An ice beast (D:5)
  6 ogres
  13 wolves (Lair:5)
  7 centaurs
  3 kobold brigands
  3 gnoll sergeants
  3 scorpions
  14 bullfrogs
  9 wights
  A hornet simulacrum (D:13)
  15 killer bees
  5 electric eels
  7 howler monkeys
  A gnoll bouda (Lair:2)
  6 hounds
  2 jellies
  27 orc priests
  3 sleepcaps
  6 iguanas
  37 orc wizards
  Natasha (twice) (D:3)
  A boggart simulacrum (D:14)
  8 mummies (Ossuary)
  2 adders
  11 gnolls
  A shadow imp (D:6)
  2 white imps
  2 worms (D:3)
  3 dart slugs
  74 orcs
  8 endoplasms
  A giant cockroach (D:3)
  11 goblins
  14 hobgoblins
  16 kobolds
  2 quokkas
  5 ball pythons
  7 bats
  2 frilled lizards
  2 gnoll zombies (Ossuary)
  3 hobgoblin zombies (Ossuary)
  3 kobold zombies (Ossuary)
  5 rats
686 creatures vanquished.

Notes
Turn   | Place    | Note
-------+----------+-------------------------------------------
     0 | D:1      | whitenoisemaker the Draconian Berserker began the quest for
                  | the Orb.
     0 | D:1      | Reached XP level 1. HP: 19/19 MP: 1/1
   283 | D:1      | Reached XP level 2. HP: 26/26 MP: 2/2
   503 | D:1      | Found a faded altar of an unknown god.
  1014 | D:1      | Reached XP level 3. HP: 28/31 MP: 3/3
  1735 | D:2      | Reached ** piety under Trog
  2560 | D:3      | Noticed Sigmund
  2671 | D:3      | Noticed Natasha
  2688 | D:3      | Killed Natasha
  2689 | D:3      | Reached skill level 5 in Maces & Flails
  2689 | D:3      | Reached XP level 4. HP: 30/38 MP: 2/4
  2806 | D:3      | Found a transporter.
  2807 | D:3      | Noticed a phantom
  2810 | D:3      | Found a glowing golden altar of the Shining One.
  2825 | D:3      | Killed Sigmund
  2826 | D:3      | Reached XP level 5. HP: 45/45 MP: 5/5
  2849 | D:3      | Noticed Natasha
  2861 | D:3      | Killed Natasha
  2862 | D:3      | Reached XP level 6. HP: 38/51 MP: 4/6
  2937 | D:3      | Found a transporter.
  3177 | D:3      | Found a blossoming altar of Fedhas.
  3403 | D:4      | Found a broken altar of Ashenzari.
  3717 | D:4      | You fall into a shaft and drop 3 floors!
  3717 | D:7      | Found a bloodstained altar of Trog.
  3742 | D:7      | Found a sand-covered staircase.
  3758 | Ossuary  | Entered an ossuary
  4322 | D:5      | Entered Level 5 of the Dungeon
  4493 | D:4      | Found a staircase to the Ecumenical Temple.
  4543 | D:4      | Your scales start taking on an icy white colour.
  4543 | D:4      | Reached XP level 7. HP: 57/57 MP: 7/7
  4543 | D:4      | Gained mutation: Your flesh is cold resistant. (rC+) [White
                  | Draconian growth]
  5561 | D:5      | Found Udoneg's General Store.
  5564 | D:5      | Bought 2 potions of heal wounds for 120 gold pieces
  5564 | D:5      | Bought a wand of light (4) for 201 gold pieces
  5564 | D:5      | Bought 3 scrolls of immolation for 144 gold pieces
  5691 | D:5      | Reached XP level 8. HP: 63/63 MP: 8/8
  5693 | D:5      | Found a shimmering altar of Xom.
  5718 | D:5      | Reached skill level 10 in Maces & Flails
  6250 | D:6      | Found a sparkling altar of Nemelex Xobeh.
  6304 | D:6      | Noticed Menkaure
  6461 | D:6      | Killed Menkaure
  7018 | D:6      | Found a glowing silver altar of Zin.
  7377 | D:7      | Found an ornate altar of the Wu Jian Council.
  7399 | D:7      | Reached XP level 9. HP: 63/70 MP: 9/9
  8317 | D:8      | Found Tuyloimn's Island Escapes.
  8342 | D:8      | Bought a scroll of blinking for 97 gold pieces
  8342 | D:8      | Bought a potion of enlightenment for 65 gold pieces
  8348 | D:8      | Identified the +1 robe of the Kangaroo {-Tele Int+3
                  | Archmagi}
  8362 | D:8      | Found a hazy altar of Hepliaklqana.
  8385 | D:8      | Noticed Pikel
  8386 | D:8      | Found a flagged portal.
  8402 | D:8      | Killed Pikel
  8416 | Bailey   | Entered a bailey
  8650 | Bailey   | Reached skill level 3 in Dodging
  8963 | Bailey   | Found a large runed translucent door.
  8963 | Bailey   | Found a large runed translucent door.
  8963 | Bailey   | Noticed a deep elf pyromancer
  8986 | Bailey   | Reached skill level 4 in Dodging
  9029 | Bailey   | Noticed an orc knight
  9039 | Bailey   | Killed an orc knight
  9040 | Bailey   | Reached skill level 5 in Dodging
  9104 | Bailey   | Identified the +3 leather armour of Elyvilon's Inspiration
                  | {Dex+3 Slay+5}
  9115 | Bailey   | Killed a deep elf pyromancer
  9116 | Bailey   | Reached skill level 6 in Dodging
  9116 | Bailey   | Reached XP level 10. HP: 44/77 MP: 10/10
  9296 | D:8      | Found a shadowy altar of Dithmenos.
  9426 | D:8      | Found a shimmering blue altar of Sif Muna.
  9897 | D:9      | Reached skill level 7 in Dodging
 10402 | D:10     | Entered Level 10 of the Dungeon
 10402 | D:10     | Noticed a cyclops
 10457 | D:9      | Reached skill level 8 in Dodging
 10696 | D:10     | Reached skill level 9 in Dodging
 10696 | D:10     | Reached *** piety under Trog
 11083 | D:10     | Killed a cyclops
 11119 | D:10     | Found a runed translucent gate.
 11120 | D:10     | Found a runed translucent gate.
 11121 | D:10     | Found a runed translucent gate.
 11123 | D:10     | Noticed t4s4d4r's ghost (novice OpSh)
 11135 | D:10     | Found a staircase to the Lair.
 11397 | D:10     | Reached skill level 10 in Dodging
 11546 | D:10     | Reached XP level 11. HP: 82/82 MP: 11/11
 11635 | D:10     | Noticed Josephine
 11646 | D:10     | Killed Josephine
 11842 | D:10     | Noticed a two-headed ogre
 11850 | D:10     | Killed a two-headed ogre
 11851 | D:10     | Reached skill level 11 in Dodging
 12106 | Lair:1   | Entered Level 1 of the Lair of Beasts
 12783 | Lair:1   | Reached skill level 5 in Fighting
 12974 | Lair:1   | Noticed a death yak
 12984 | Lair:1   | Found a transporter.
 12991 | Lair:1   | Noticed DocSulfur's ghost (journeyman VSBe)
 13005 | Lair:1   | Found a transporter.
 13271 | Lair:1   | You fall into a shaft and drop 1 floor!
 13332 | Lair:1   | Reached skill level 12 in Dodging
 14089 | Lair:2   | Reached XP level 12. HP: 100/101 MP: 12/12
 14680 | Lair:2   | Found a hole to the Spider Nest.
 14744 | Lair:2   | Found a staircase to the Swamp.
 15204 | Lair:3   | Found a runed translucent door.
 15211 | Lair:3   | Noticed NigelTetley's ghost (journeyman DgGl)
 15228 | Lair:3   | Noticed a seven-headed hydra
 15237 | Lair:3   | Killed a seven-headed hydra
 15305 | Lair:3   | Reached skill level 10 in Fighting
 15491 | D:5      | Bought a scroll of acquirement for 624 gold pieces
 15491 | D:5      | Acquired a manual of Dodging
 15933 | Lair:3   | Reached skill level 13 in Dodging
 16080 | Lair:3   | Noticed an eight-headed hydra
 16158 | Lair:3   | Killed an eight-headed hydra
 16315 | Lair:4   | Found a transporter.
 16315 | Lair:4   | Found a transporter.
 16321 | Lair:4   | Noticed Okey's ghost (journeyman DDFi)
 17187 | Lair:4   | Reached XP level 13. HP: 118/118 MP: 13/13
 17218 | Lair:4   | Reached skill level 14 in Dodging
 17588 | Lair:5   | Entered Level 5 of the Lair of Beasts
 18700 | Lair:5   | Reached skill level 15 in Dodging
 20038 | Lair:5   | Found a viscous altar of Jiyva.
 20038 | Lair:5   | Found a staircase to the Slime Pits.
 20277 | Lair:5   | Reached skill level 16 in Dodging
 20603 | Lair:5   | Reached XP level 14. HP: 133/133 MP: 14/14
 21633 | D:8      | Bought the ring "Vefed" {+Blink Fly rCorr Int+8} for 700
                  | gold pieces
 21753 | D:11     | Found Ymneukk's Tremendous Tomes.
 22773 | D:11     | Reached skill level 15 in Maces & Flails
 23315 | D:12     | Reached **** piety under Trog
 23826 | D:12     | Found Gankeg's General Store.
 23829 | D:12     | Bought a scroll of enchant weapon for 97 gold pieces
 24024 | D:12     | Found a staircase to the Orcish Mines.
 24113 | D:12     | Reached skill level 17 in Dodging
 24570 | D:13     | Acquired a manual of Dodging
 25515 | Orc:1    | Entered Level 1 of the Orcish Mines
 26161 | Orc:1    | Noticed an orc warlord
 26468 | Orc:1    | Noticed an orc warlord
 26860 | Orc:1    | Found a radiant altar of Vehumet.
 27018 | Orc:1    | Killed an orc warlord
 27170 | Orc:1    | Noticed Fannar
 27177 | Orc:1    | Killed Fannar
 27178 | Orc:1    | Reached skill level 18 in Dodging
 27185 | Orc:1    | Killed an orc warlord
 27442 | Orc:2    | Entered Level 2 of the Orcish Mines
 27442 | Orc:2    | Found a staircase to the Elven Halls.
 27551 | Orc:2    | Found Jiduh's Magic Scroll Boutique.
 27581 | Orc:2    | Bought 3 scrolls of teleportation for 144 gold pieces
 27581 | Orc:2    | Bought a scroll of teleportation for 48 gold pieces
 27581 | Orc:2    | Bought a scroll of fear for 64 gold pieces
 27581 | Orc:2    | Bought a scroll of fog for 64 gold pieces
 27933 | Orc:2    | Reached ***** piety under Trog
 27993 | Orc:2    | Paralysed by an orc sorcerer for 3 turns
 28098 | Orc:2    | Reached skill level 19 in Dodging
 28228 | Orc:2    | Found Isiaryq's Antique Weapon Boutique.
 28229 | Orc:2    | Found Duxt's Assorted Antiques.
 28230 | Orc:2    | Found Lagul's Magic Scroll Shop.
 28237 | Orc:2    | Found Poenis's Armour Shop.
 28285 | Orc:2    | Bought a dazzling quarterstaff for 207 gold pieces
 28285 | Orc:2    | Identified the +11 quarterstaff of Shame {venom, Int+2}
                  | (You bought it in a shop on level 2 of the Orcish Mines)
 28362 | Orc:2    | Received a gift from Trog
 28563 | Orc:2    | Reached skill level 1 in Staves
 28918 | D:14     | Reached XP level 15. HP: 99/139 MP: 15/15
 29566 | D:14     | Found a blossoming altar of Fedhas.
 29763 | D:14     | Noticed Rupert
 29772 | D:14     | Killed Rupert
 29773 | D:14     | Reached skill level 1 in Evocations
 30217 | D:14     | Found a gate to the Vaults.
 30311 | D:14     | Reached skill level 5 in Staves
 30617 | D:14     | Slain by a titanic slime creature

Illustrated notes

Levels and vault maps discovered:
D:1:      eino_arrival_water_star, layout_loops_corners,
          shapermc_ecumenical_altar_rom_forum
D:2:      minmay_general_purpose_star, layout_basic
D:3:      layout_loops_ring, gammafunk_temple_overflow_arena,
          mainiacjoe_overflow_alcove_2, uniq_natasha, uniq_sigmund
D:4:      layout_layer_cave, cheibrodos_ashenzari_chains,
          minmay_temple_entry_glass
D:5:      layout_basic, lemuel_doored_altar, serial_shops,
          nicolae_shop_tiny_real_fake_doors
D:6:      minmay_skewed_foursquare, layout_rooms, lemuel_round_altar,
          nemelex_altar_shiori, serial_bayou_pond_c, uniq_menkaure
D:7:      layout_basic, mainiacjoe_overflow_alcove_1,
          mainiacjoe_overflow_surrounded_room, nicolae_ossuary_entry_ruins,
          minmay_crystal_water
D:8:      layout_loops_ring, mainiacjoe_overflow_24_doors,
          mainiacjoe_overflow_six_doors_small, lemuel_crystal_altar,
          enter_bailey_3, minivault_22, nicolae_island_escapes, uniq_pikel
D:9:      layout_cave_pools, minmay_ruffians
D:10:     layout_loops_cross, david_lair_generic, ebering_ghost_rock_garden,
          uniq_josephine
D:11:     layout_roguey, nicolae_shop_i_like_big_books, hangedman_decor_growths,
          grunt_livestock, disabler_island
D:12:     layout_gridville, hiddenorc1_lemuel, serial_shops,
          nicolae_shop_window_shopping, serial_glass, glass_columns_a,
          glass_columns_a, glass_columns_a, glass_columns_c, glass_columns_c,
          nicolae_houndstooth_variations
D:13:     layout_layer_cave
D:14:     layout_loops_ring, david_vaults_4, enter_trove_5, fedhas_altar_2,
          hangedman_incinerator, uniq_rupert
Lair:1:   layout_concentric_octagons, gammafunk_ghost_berserking_beasts
Lair:2:   layout_regular_city, minmay_swamp_entry_reptiles,
          hellmonk_spider_entry_not_the_bees, serial_forest,
          infiniplex_forest_lined_3, infiniplex_forest_lined_4_way,
          infiniplex_forest_zigzag_2, infiniplex_forest_clump_medium,
          infiniplex_forest_lined_room_3, infiniplex_forest_split,
          infiniplex_forest_end_3, infiniplex_forest_end_1,
          infiniplex_forest_3_way, dreamdust_gnoll_shepherd, lemuel_fruit_fields
Lair:3:   layout_big_grid, ebering_ghost_reflecting_pool, lemuel_fruit_tree,
          lemuel_fruit_fields
Lair:4:   layout_regular_city, gammafunk_ghost_hive, grunt_megastairs_2,
          infiniplex_staircase_pool
Lair:5:   hangedman_lair_caniforms_friends, layout_regular_city,
          minmay_slime_entry_pillars
Orc:1:    layout_diamond_mine, serial_shops, basic_altar, abandoned_shop,
          uniq_fannar
Orc:2:    st_orc_mages, layout_diamond_mine, serial_shops,
          nicolae_shop_rolled_up, mines3_lemuel

Skill      XL: |  1  2  3  4  5  6  7  8  9 10 11 12 13 14 15 |
---------------+----------------------------------------------+-----
Maces & Flails | 4 5 6 8 9 12 13 14 16 | 16.0
Dodging        | 6 10 12 13 16 19 | 19.3
Fighting       | 7 12 14 | 14.4
Staves         | 2 5 |  5.2
Evocations     | 2 |  2.4

Action                     |  1- 3 |  4- 6 |  7- 9 | 10-12 | 13-15 || total
---------------------------+-------+-------+-------+-------+-------++-------
  Melee: Mace              |    86 |       |       |       |       ||    86
         Tailslap          |    10 |    10 |    33 |   156 |   282 ||   491
         Morningstar       |    51 |   120 |   240 |   831 |  1179 ||  2421
         Punch             |       |       |     5 |     8 |    16 ||    29
         Unarmed           |       |       |       |       |     4 ||     4
         Quarterstaff      |       |       |       |       |   192 ||   192
 Invoke: Berserk           |     1 |     3 |     8 |    17 |    17 ||    46
         Trog's Hand       |     1 |     3 |     7 |    21 |    28 ||    60
Ability: Breathe Frost     |       |       |    18 |    22 |    36 ||    76
  Evoke: Wand              |       |       |     4 |     3 |    13 ||    20
    Use: Scroll            |     3 |     6 |     2 |    12 |    13 ||    36
         Potion            |       |     1 |    11 |     3 |     9 ||    24
   Stab: Sleeping          |       |     2 |     1 |     1 |     1 ||     5
         Invisible         |       |       |     8 |       |       ||     8
         Distracted        |       |       |       |     1 |     1 ||     2
 Armour: Skin              |    87 |    62 |   186 |   396 |   763 ||  1494
  Dodge: Dodged            |    84 |    73 |   171 |   747 |  1573 ||  2648

Table legend: (Time is in decaauts)
 A = Elapsed time spent in this place.
 B = Non-inter-level travel time spent in this place.
 C = Inter-level travel time spent in this place.
 D = Time resting spent in this place.
 E = Time spent auto-exploring this place.
 F = Levels seen in this place.
 G = Mean time per level.
                   A        B        C        D        E       F      G
               +--------+--------+--------+--------+--------+-----+--------+
         Total |  30840 |  29235 |   1605 |  10360 |  12779 |  23 | 1340.9 |
       Dungeon |  19058 |  17863 |   1195 |   5946 |   8820 |  14 | 1361.3 |
          Lair |   8290 |   7989 |    301 |   3093 |   2887 |   5 | 1658.0 |
  Orcish Mines |   2161 |   2052 |    109 |    629 |    805 |   2 | 1080.5 |
       Ossuary |    540 |    540 |      0 |    255 |    106 |   1 |  540.0 |
        Bailey |    789 |    789 |      0 |    435 |    159 |   1 |  789.0 |
               +--------+--------+--------+--------+--------+-----+--------+

Top non-repeatable levels by time:
  Lair:5: 2879 daAuts
    D:12: 2514 daAuts
    D:10: 2228 daAuts
  Lair:4: 2047 daAuts
    D:14: 1769 daAuts
    D:11: 1538 daAuts
  Lair:2: 1432 daAuts
     D:2: 1323 daAuts
   Orc:2: 1321 daAuts
     D:1: 1300 daAuts
     D:6: 1216 daAuts
     D:5: 1200 daAuts
     D:7: 1126 daAuts
     D:9: 1052 daAuts
     D:4: 1043 daAuts
